TOP OF THE 1ST |
Mississippi Braves batting - Pitching for Harrisburg Senators : LHP Manny Ruiz
|
Pitching: LHP Manny Ruiz
|
|
Batting: RHB Hieronim Rutkowski
|
0-0: Called Strike 0-1: Foul Ball, location: 2F 0-2: Ball 1-2: SINGLE (Flyball, 5D, EV 91.9 MPH)
|
Batting: RHB Justin Reich
|
0-0: Called Strike 0-1: Ball 1-1: Swinging Strike 1-2: Ball Hieronim Rutkowski is caught stealing 2nd base 2-4 2-2: Strikes out swinging
|
Batting: RHB Zheng-ze King
|
0-0: Called Strike 0-1: Called Strike 0-2: Ball 1-2: Foul Ball, location: 2F 1-2: Foul Ball, location: 2F 1-2: Foul Ball, location: 2F 1-2: Ball 2-2: Foul Ball, location: 2F 2-2: Foul Ball, location: 2F 2-2: Ball 3-2: DOUBLE (Line Drive, 8RXD, EV 104.4 MPH)
|
Batting: RHB Jose Ramos
|
0-0: Ball 1-0: DOUBLE (Line Drive, 8LXD, EV 100.0 MPH) Zheng-ze King scores
|
Batting: LHB Art D'Ascenzo
|
0-0: Called Strike 0-1: Swinging Strike 0-2: Ball 1-2: Ball 2-2: Ball 3-2: Base on Balls
|
Batting: RHB Tim Molchan
|
0-0: Called Strike 0-1: Swinging Strike 0-2: Ball 1-2: Strikes out swinging
|
Top of the 1st over - 1 run, 3 hits, 0 errors, 2 left on base; Mississippi 1 - Harrisburg 0 |
BOTTOM OF THE 1ST |
Harrisburg Senators batting - Pitching for Mississippi Braves : RHP Ryan DeMille
|
Pitching: RHP Ryan DeMille
|
|
Batting: LHB Evan Oliveri
|
0-0: Ball 1-0: Ball 2-0: Ball 3-0: Base on Balls
|
Batting: RHB Antonio Laurel
|
0-0: Ball 1-0: Ball 2-0: Called Strike 2-1: Foul Ball, location: 2F 2-2: Foul Ball, location: 2F 2-2: Foul Ball, location: 2F 2-2: Foul Ball, location: 2F 2-2: Ball 3-2: Strikes out swinging Evan Oliveri steals 2nd base Batter strikes out.
|
Batting: RHB Kevin Wick
|
0-0: Ball 1-0: Foul Ball, location: 2F 1-1: DOUBLE (Line Drive, 7LM, EV 92.5 MPH) Evan Oliveri scores
|
Batting: LHB Pat Aviles
|
0-0: Ball 1-0: Ball Wild Pitch! Kevin Wick to third 2-0: Called Strike 2-1: Ground out U3 (Groundball, 34, EV 97.5 MPH) Kevin Wick scores
|
Batting: RHB Slavik Nebrodov
|
0-0: Ball 1-0: Foul Ball, location: 2F 1-1: Swinging Strike 1-2: Strikes out swinging
|
Bottom of the 1st over - 2 runs, 1 hit, 0 errors, 0 left on base; Mississippi 1 - Harrisburg 2 |
TOP OF THE 2ND |
Mississippi Braves batting - Pitching for Harrisburg Senators : LHP Manny Ruiz
|
Batting: RHB Jordan Martin
|
0-0: Ground out 6-3 (Groundball, 6D, EV 108.1 MPH)
|
Batting: LHB Sal Fernandez
|
0-0: Ball 1-0: Foul Ball, location: 2F 1-1: Swinging Strike 1-2: SINGLE (Line Drive, 56, EV 100.0 MPH)
|
Batting: SHB Jose Melendez
|
0-0: Ball Sal Fernandez steals 2nd base 1-0: SINGLE (Line Drive, 7S, EV 105.0 MPH) Sal Fernandez to third Runner from 3rd tries for Home, throw by LF and OUT! 7-2
|
Batting: RHB Hieronim Rutkowski
|
0-0: Ball 1-0: Called Strike 1-1: DOUBLE (Flyball, 9D, EV 112.5 MPH) Jose Melendez to third
|
Batting: RHB Justin Reich
|
0-0: Called Strike 0-1: Swinging Strike 0-2: Ball 1-2: Ball 2-2: Ball 3-2: Fly out, F8 (Flyball, 8LD, EV 100.6 MPH)
|
Top of the 2nd over - 0 runs, 3 hits, 0 errors, 2 left on base; Mississippi 1 - Harrisburg 2 |
BOTTOM OF THE 2ND |
Harrisburg Senators batting - Pitching for Mississippi Braves : RHP Ryan DeMille
|
Batting: RHB Antonio Morado
|
0-0: Ball 1-0: Called Strike 1-1: Foul Ball, location: 2F 1-2: Ball 2-2: Strikes out swinging
|
Batting: RHB Nick Moreno
|
0-0: Ground out 5-3 (Groundball, 56, EV 110.0 MPH)
|
Batting: RHB Ben Welt
|
0-0: Called Strike 0-1: Foul Ball, location: 2F 0-2: Strikes out looking
|
Bottom of the 2nd over - 0 runs, 0 hits, 0 errors, 0 left on base; Mississippi 1 - Harrisburg 2 |
TOP OF THE 3RD |
Mississippi Braves batting - Pitching for Harrisburg Senators : LHP Manny Ruiz
|
Batting: RHB Zheng-ze King
|
0-0: Ball 1-0: Called Strike 1-1: Ball 2-1: Called Strike 2-2: Ball 3-2: Base on Balls
|
Batting: RHB Jose Ramos
|
0-0: Ball 1-0: SINGLE (Groundball, 56D, EV 100.0 MPH) Zheng-ze King to second
|
Batting: LHB Art D'Ascenzo
|
0-0: Foul Ball, location: 2F 0-1: Ball Wild Pitch! Zheng-ze King to third Jose Ramos to second 1-1: Ground out 4-3 (Groundball, 4, EV 106.9 MPH) Zheng-ze King scores Jose Ramos to third
|
Batting: RHB Tim Molchan
|
0-0: Fly out, F5 (Popup, 56, EV 64.4 MPH)
|
Batting: RHB Jordan Martin
|
0-0: Called Strike 0-1: Ball 1-1: Ball 2-1: Ground out 6-3 (Groundball, 6, EV 91.9 MPH)
|
Top of the 3rd over - 1 run, 1 hit, 0 errors, 1 left on base; Mississippi 2 - Harrisburg 2 |
BOTTOM OF THE 3RD |
Harrisburg Senators batting - Pitching for Mississippi Braves : RHP Ryan DeMille
|
Batting: RHB Victor Cintron
|
0-0: Ball 1-0: Called Strike 1-1: SINGLE (Groundball, P, EV 88.1 MPH) (infield hit)
|
Batting: LHB Evan Oliveri
|
0-0: Called Strike 0-1: Foul Ball, location: 2F 0-2: Foul Ball, location: 2F 0-2: Strikes out swinging
|
Batting: RHB Antonio Laurel
|
0-0: Ball 1-0: Fly out, F8 (Line Drive, 8LD, EV 90.0 MPH)
|
Batting: RHB Kevin Wick
|
0-0: Ball Victor Cintron is caught stealing 2nd base 2-4
|
Bottom of the 3rd over - 0 runs, 1 hit, 0 errors, 0 left on base; Mississippi 2 - Harrisburg 2 |
TOP OF THE 4TH |
Mississippi Braves batting - Pitching for Harrisburg Senators : LHP Manny Ruiz
|
Batting: LHB Sal Fernandez
|
0-0: Called Strike 0-1: Ball 1-1: Called Strike 1-2: Strikes out swinging
|
Batting: SHB Jose Melendez
|
0-0: Ball 1-0: Ball 2-0: Ground out 6-3 (Groundball, P, EV 91.2 MPH)
|
Batting: RHB Hieronim Rutkowski
|
0-0: Called Strike 0-1: Ball 1-1: Foul Ball, location: 2F 1-2: Foul Ball, location: 2F 1-2: Strikes out swinging, 2-3 out at first.
|
Top of the 4th over - 0 runs, 0 hits, 0 errors, 0 left on base; Mississippi 2 - Harrisburg 2 |
BOTTOM OF THE 4TH |
Harrisburg Senators batting - Pitching for Mississippi Braves : RHP Ryan DeMille
|
Batting: RHB Kevin Wick
|
0-0: Ball 1-0: Ball 2-0: Ground out 5-3 (Groundball, 56S, EV 74.4 MPH)
|
Batting: LHB Pat Aviles
|
0-0: Ball 1-0: Ball 2-0: Fly out, F7 (Line Drive, 7D, EV 91.9 MPH)
|
Batting: RHB Slavik Nebrodov
|
0-0: Fly out, F8 (Line Drive, 8LM, EV 86.9 MPH)
|
Bottom of the 4th over - 0 runs, 0 hits, 0 errors, 0 left on base; Mississippi 2 - Harrisburg 2 |
TOP OF THE 5TH |
Mississippi Braves batting - Pitching for Harrisburg Senators : LHP Manny Ruiz
|
Batting: RHB Justin Reich
|
0-0: Ball 1-0: Ball 2-0: Called Strike 2-1: Foul Ball, location: 2F 2-2: Ball 3-2: Strikes out looking
|
Batting: RHB Zheng-ze King
|
0-0: Called Strike 0-1: Swinging Strike 0-2: Foul Ball, location: 2F 0-2: Ball 1-2: Ball 2-2: Foul Ball, location: 2F 2-2: Ball 3-2: Foul Ball, location: 2F 3-2: Base on Balls
|
Batting: RHB Jose Ramos
|
0-0: Called Strike 0-1: Ball Zheng-ze King steals 2nd base 1-1: Ball 2-1: Foul Ball, location: 2F 2-2: Ball 3-2: Foul Ball, location: 2F 3-2: Base on Balls
|
Pitching: RHP Tatsuhito Shiota
|
|
Batting: LHB Art D'Ascenzo
|
0-0: Swinging Strike 0-1: Ball Zheng-ze King steals 3rd base 1-1: Foul Ball, location: 2F 1-2: Strikes out swinging
|
Batting: RHB Tim Molchan
|
0-0: Called Strike Jose Ramos steals 2nd, throwing error, E2 Zheng-ze King scores Jose Ramos to third 0-1: Called Strike 0-2: Foul Ball, location: 2F 0-2: Ball 1-2: Ball 2-2: Ball 3-2: SINGLE (Groundball, 4M, EV 101.9 MPH) (infield hit) Jose Ramos scores
|
Batting: RHB Jordan Martin
|
0-0: Called Strike 0-1: Ball 1-1: Foul Ball, location: 2F 1-2: Foul Ball, location: 2F 1-2: Ground out 6-3 (Groundball, 6S, EV 85.6 MPH)
|
Top of the 5th over - 2 runs, 1 hit, 1 error, 1 left on base; Mississippi 4 - Harrisburg 2 |
BOTTOM OF THE 5TH |
Harrisburg Senators batting - Pitching for Mississippi Braves : RHP Ryan DeMille
|
Batting: RHB Antonio Morado
|
0-0: Called Strike 0-1: Fly out, F3 (Popup, 3F, EV 63.8 MPH)
|
Batting: RHB Nick Moreno
|
0-0: Ball 1-0: Ground out 1-3 (Groundball, 15S, EV 68.1 MPH)
|
Batting: RHB Ben Welt
|
0-0: Called Strike 0-1: Ball 1-1: Foul Ball, location: 2F 1-2: Strikes out swinging
|
Bottom of the 5th over - 0 runs, 0 hits, 0 errors, 0 left on base; Mississippi 4 - Harrisburg 2 |
TOP OF THE 6TH |
Mississippi Braves batting - Pitching for Harrisburg Senators : RHP Tatsuhito Shiota
|
Batting: LHB Sal Fernandez
|
0-0: Ball 1-0: Ball 2-0: SINGLE (Groundball, 25, EV 70.6 MPH) (infield hit)
|
Batting: SHB Jose Melendez
|
0-0: Foul Ball, location: 2F 0-1: Fly out, F9 (Flyball, 9S, EV 77.5 MPH)
|
Batting: RHB Hieronim Rutkowski
|
0-0: Ball Sal Fernandez is caught stealing 2nd base 2-4 1-0: Called Strike 1-1: Foul Ball, location: 2F 1-2: Strikes out looking
|
Top of the 6th over - 0 runs, 1 hit, 0 errors, 0 left on base; Mississippi 4 - Harrisburg 2 |
BOTTOM OF THE 6TH |
Harrisburg Senators batting - Pitching for Mississippi Braves : RHP Ryan DeMille
|
Batting: RHB Victor Cintron
|
0-0: Ball 1-0: Ground out 4-3 (Groundball, 34, EV 80.0 MPH)
|
Batting: LHB Evan Oliveri
|
0-0: Ball 1-0: Swinging Strike 1-1: Ball 2-1: Swinging Strike 2-2: Strikes out swinging
|
Batting: RHB Antonio Laurel
|
0-0: Ball 1-0: Swinging Strike 1-1: Ball 2-1: Ground out 6-3 (Groundball, 6M, EV 108.1 MPH)
|
Bottom of the 6th over - 0 runs, 0 hits, 0 errors, 0 left on base; Mississippi 4 - Harrisburg 2 |
TOP OF THE 7TH |
Mississippi Braves batting - Pitching for Harrisburg Senators : RHP Tatsuhito Shiota
|
Batting: RHB Justin Reich
|
0-0: Ball 1-0: Foul Ball, location: 2F 1-1: Ball 2-1: Swinging Strike 2-2: Foul Ball, location: 2F 2-2: Strikes out swinging
|
Batting: RHB Zheng-ze King
|
0-0: Fly out, F9 (Flyball, 89D, EV 96.2 MPH)
|
Batting: RHB Jose Ramos
|
0-0: Foul Ball, location: 2F 0-1: SINGLE (Line Drive, 4MD, EV 102.5 MPH)
|
Batting: LHB Art D'Ascenzo
|
0-0: Called Strike 0-1: Ball 1-1: Called Strike 1-2: Ball 2-2: Strikes out swinging
|
Top of the 7th over - 0 runs, 1 hit, 0 errors, 1 left on base; Mississippi 4 - Harrisburg 2 |
BOTTOM OF THE 7TH |
Harrisburg Senators batting - Pitching for Mississippi Braves : RHP Ryan DeMille
|
Now at 1B: Hieronim Rutkowski
|
|
Now at 2B: Zheng-ze King
|
|
Now at 3B: Adrian Billups
|
|
Now at SS: Ingidayehu Lagat
|
|
Batting: RHB Kevin Wick
|
0-0: Ball 1-0: Swinging Strike 1-1: Ball 2-1: Fly out, F8 (Line Drive, 8RD, EV 87.5 MPH)
|
Batting: LHB Pat Aviles
|
0-0: Ball 1-0: Swinging Strike 1-1: Ball 2-1: Ball 3-1: Swinging Strike 3-2: Strikes out swinging
|
Batting: RHB Slavik Nebrodov
|
0-0: Called Strike 0-1: Ground out 5-3 (Groundball, 56S, EV 83.8 MPH)
|
Bottom of the 7th over - 0 runs, 0 hits, 0 errors, 0 left on base; Mississippi 4 - Harrisburg 2 |
TOP OF THE 8TH |
Mississippi Braves batting - Pitching for Harrisburg Senators : RHP Tatsuhito Shiota
|
Pitching: RHP Chris Doty
|
|
Batting: RHB Tim Molchan
|
0-0: Ball 1-0: Ball 2-0: Ground out 6-3 (Groundball, 56D, EV 85.0 MPH)
|
Batting: RHB Jordan Martin
|
0-0: Ball 1-0: Called Strike 1-1: Ball 2-1: Foul Ball, location: 2F 2-2: Strikes out looking
|
Batting: LHB Sal Fernandez
|
0-0: Ball 1-0: Foul Ball, location: 2F 1-1: SINGLE (Groundball, 34S, EV 94.4 MPH)
|
Batting: SHB Jose Melendez
|
0-0: Called Strike 0-1: Ball 1-1: Ground out 6-3 (Groundball, 56, EV 83.8 MPH)
|
Top of the 8th over - 0 runs, 1 hit, 0 errors, 1 left on base; Mississippi 4 - Harrisburg 2 |
BOTTOM OF THE 8TH |
Harrisburg Senators batting - Pitching for Mississippi Braves : RHP Ryan DeMille
|
Batting: RHB Antonio Morado
|
0-0: Called Strike 0-1: Called Strike 0-2: Strikes out swinging
|
Batting: RHB Nick Moreno
|
0-0: SINGLE (Flyball, 56D, EV 87.5 MPH)
|
Batting: RHB Ben Welt
|
0-0: Called Strike 0-1: Fly out, F8 (Flyball, 8RXD, EV 103.1 MPH)
|
Batting: RHB Victor Cintron
|
0-0: Ball 1-0: Ball 2-0: Foul Ball, location: 2F 2-1: Foul Ball, location: 2F 2-2: Strikes out looking
|
Bottom of the 8th over - 0 runs, 1 hit, 0 errors, 1 left on base; Mississippi 4 - Harrisburg 2 |
TOP OF THE 9TH |
Mississippi Braves batting - Pitching for Harrisburg Senators : RHP Chris Doty
|
Batting: RHB Hieronim Rutkowski
|
0-0: Called Strike 0-1: Foul Ball, location: 2F 0-2: Strikes out swinging
|
Batting: RHB Ingidayehu Lagat
|
0-0: Called Strike 0-1: Ground out 1-3 (Groundball, 13, EV 73.1 MPH)
|
Batting: RHB Zheng-ze King
|
0-0: Swinging Strike 0-1: Ball 1-1: Ball 2-1: Swinging Strike 2-2: Foul Ball, location: 2F 2-2: Ball 3-2: Foul Ball, location: 2F 3-2: Base on Balls
|
Batting: RHB Jose Ramos
|
0-0: Ball Zheng-ze King steals 2nd base 1-0: Called Strike 1-1: Ball 2-1: Foul Ball, location: 2F 2-2: Ball 3-2: Base on Balls
|
Batting: RHB Adrian Billups
|
0-0: Called Strike 0-1: Ball 1-1: Called Strike 1-2: DOUBLE (Line Drive, 78XD, EV 109.4 MPH) Zheng-ze King scores Jose Ramos to third
|
Batting: RHB Tim Molchan
|
0-0: Swinging Strike 0-1: Ball 1-1: Swinging Strike 1-2: Ball 2-2: Ground out 1-3 (Groundball, 34S, EV 73.1 MPH)
|
Top of the 9th over - 1 run, 1 hit, 0 errors, 2 left on base; Mississippi 5 - Harrisburg 2 |
BOTTOM OF THE 9TH |
Harrisburg Senators batting - Pitching for Mississippi Braves : RHP Ryan DeMille
|
Pitching: RHP Damian Molina
|
|
Batting: LHB Evan Oliveri
|
0-0: Ball 1-0: Swinging Strike 1-1: Fly out, F9 (Flyball, 9, EV 78.8 MPH)
|
Batting: RHB Antonio Laurel
|
0-0: Called Strike 0-1: Fly out, F9 (Flyball, 9D, EV 99.4 MPH)
|
Batting: RHB Kevin Wick
|
0-0: Ground out 6-3 (Groundball, 6, EV 80.6 MPH)
|
Bottom of the 9th over - 0 runs, 0 hits, 0 errors, 0 left on base; Mississippi 5 - Harrisburg 2 |
|